 Dungeon Crawl Stone Soup version 0.28-a0-382-g33c4956463 (webtiles) character file.

Game seed: 12788572619632414873

11326 Malachi the Spear-Bearer (level 11, -6/99 HPs)
             Began as a Minotaur Fighter on Sept 2, 2021.
             Was a High Priest of Okawaru.
             Mangled by a dream sheep (16 damage)
             ... on level 1 of the Lair of Beasts.
             The game lasted 00:15:44 (12233 turns).

Malachi the Spear-Bearer (Minotaur Fighter)        Turns: 12233, Time: 00:15:44

Health: -6/99      AC: 16    Str: 24    XL:     11   Next: 47%
Magic:  14/14      EV: 10    Int:  5    God:    Okawaru [*****.]
Gold:   572        SH:  0    Dex: 10    Spells: 10/10 levels left

rFire   . . .      SeeInvis .   z - +4 trident (vorpal)
rCold   + . .      Faith    .   c - +0 buckler
rNeg    . . .      Spirit   .   l - +0 chain mail
rPois   +          Reflect  .   (helmet restricted)
rElec   .          Harm     .   d - +0 cloak {rPois}
rCorr   .          Rampage  .   v - +0 pair of gloves
Will    +....                   i - +0 pair of boots
Stlth   ..........              (no amulet)
HPRegen 0.26/turn               a - ring of protection from cold
MPRegen 0.14/turn               y - ring of willpower

@: lethally poisoned (-6 -> -11), sleeping
A: horns 2, retaliatory headbutt
a: Renounce Religion, Heroism, Finesse, Duel


You were on level 1 of the Lair of Beasts.
You worshipped Okawaru.
Okawaru was extremely pleased with you.
You visited 3 branches of the dungeon, and saw 11 of its levels.
You also visited: Ossuary.

You collected 572 gold pieces.

Inventory:

Hand Weapons
 z - a +4 vorpal trident (weapon)
 H - the +7 rapier "Jellyslayer" {freeze, rElec}
   (You took it off an orc on level 9 of the Dungeon)

   It freezes those it strikes, dealing additional cold damage.
   It can also slow down cold-blooded creatures.
   rElec:     It insulates you from electricity.
 J - a +0 vampiric spear
Missiles
 w - 9 boomerangs (quivered)
Armour
 c - a +0 buckler (worn)
 d - a +0 cloak of poison resistance (worn)
 g - a scarf of repulsion
 i - a +0 pair of boots (worn)
 l - a +0 chain mail (worn)
 v - a +0 pair of gloves (worn)
Jewellery
 a - a ring of protection from cold (left hand)
 y - a ring of willpower (right hand)
Wands
 h - a wand of flame (43)
 F - a wand of polymorph (5)
 I - a wand of paralysis (8)
 K - a wand of iceblast (20)
Scrolls
 b - 3 scrolls of fog
 f - a scroll of enchant armour
 j - a scroll of enchant weapon
 o - 2 scrolls of teleportation
 p - a scroll of summoning
 r - 2 scrolls of amnesia
 s - a scroll of holy word {unknown}
 x - a scroll of vulnerability {unknown}
 A - 2 scrolls of torment {unknown}
 C - a scroll of magic mapping {unknown}
 D - a scroll of brand weapon {unknown}
 E - a scroll of immolation {unknown}
Potions
 e - 5 potions of heal wounds {unknown}
 k - 6 potions of mutation {unknown}
 m - 2 potions of ambrosia {unknown}
 n - a potion of curing {unknown}
 q - 2 potions of attraction {unknown}
 t - a potion of haste {unknown}
 u - a potion of degeneration {unknown}
 B - 4 potions of invisibility {unknown}
 G - a potion of brilliance {unknown}


   Skills:
 + Level 9.7 Fighting
 + Level 13.3 Polearms
 + Level 11.8 Armour
 + Level 4.4 Dodging
 - Level 1.5 Stealth
 - Level 4.0 Shields
 * Level 5.5 Invocations
 + Level 0.2 Evocations


You had 10 spell levels left.
You didn't know any spells.
Your spell library contained the following spells:

 Spells                   Type           Power      Damage    Failure   Level
 Apportation              Tloc           0%         N/A       95%         1
 Corona                   Hex            0%         N/A       95%         1
 Olgreb's Toxic Radiance  Pois           0%         N/A       100%        4
 Blade Hands              Tmut           0%         N/A       100%        5
 Irradiate                Conj/Tmut      0%         3d13      100%        5
 Dragon Form              Tmut           0%         N/A       100%        7
 Ozocubu's Refrigeration  Ice            0%         4d5       100%        7
 Ignition                 Fire           0%         3d3       100%        8
 Animate Skeleton         Necr           Unusable   N/A       N/A         1
 Summon Small Mammal      Summ           Unusable   N/A       N/A         1

Dungeon Overview and Level Annotations

Branches:
Dungeon (9/15)             Temple (1/1) D:6            Lair (1/6) D:8
Ossuary (visited)
    Orc: D:9-12

Altars:
Ashenzari
Cheibriados
Dithmenos
Elyvilon
Gozag
Hepliaklqana
Kikubaaqudgha
Makhleb
Nemelex Xobeh
Okawaru
Qazlal
Sif Muna
Trog
Uskayaw
Vehumet
Wu Jian
Xom
Yredelemnul
Zin
The Shining One

Shops:
D:1 *   D:7 =


Innate Abilities, Weirdness & Mutations

You have a pair of horns on your head.
You reflexively headbutt those who attack you in melee.


Message History

No target in view!
No target in view!
You see here a black mamba corpse.
k - 6 murky black potions (gained 1)
You now have 572 gold pieces (gained 19).
A dream sheep comes into view.
A dream sheep is nearby!
A dream sheep is nearby!
A dream sheep is nearby!
A cane toad and 3 dream sheep come into view.
Found a scroll of identify.
The cane toad croaks.
The dream sheep bleats! x3; You hear a bellow!
A yak and a dream sheep come into view.
The yak bellows!
The dream sheep bleats!
A yak comes into view.
A water moccasin comes into view.
A yak comes into view.
The yak bellows!
The water moccasin hisses angrily.
You puncture the dream sheep! Your headbutt misses the dream sheep.
The dream sheep is heavily wounded.
The cane toad stings you!
You are poisoned.
The cane toad poisons you!
The dream sheep are wreathed in dream dust.
You feel drowsy...
You fall asleep.
You feel very sick. The cane toad stings you!!!
You wake up.
The dream sheep closely misses you. You furiously retaliate!
You headbutt the dream sheep.
You feel very sick.
You feel very sick.
You feel very sick. The cane toad stings you!
* * * LOW HITPOINT WARNING * * *
You feel sick. The cane toad misses you. You furiously retaliate!
You headbutt the cane toad.
The dream sheep are wreathed in dream dust.
You feel drowsy...
You fall asleep.
You feel sick.
The cane toad stings you but does no damage.
The dream sheep bites you!
You die...

##### .....
##... ...#
##..# #...#
#####
#@Y###.#..#.
#YFYY.......
#SYYY.....#
##.........#
#....Y....?#
##.........#
#..###....#
#..# #.....
#..# .....


You could see 3 yaks, a cane toad, a water moccasin and 5 dream sheep.

Vanquished Creatures
  A hydra (Lair:1)
  Erolcha (D:9)
  A tengu warrior (D:9)
  2 black mambas (Lair:1)
  An elephant (D:8)
  3 cane toads (Lair:1)
  A komodo dragon (Lair:1)
  A wolf spider simulacrum (D:9)
  7 blink frogs (Lair:1)
  Sigmund (D:3)
  12 yaks
  2 basilisks
  2 steam dragons (D:8)
  2 water moccasins (Lair:1)
  An orc warrior (D:9)
  3 ice beasts
  2 sky beasts
  2 ogres
  A necrophage (D:7)
  2 black bears
  A phantom (D:3)
  A centaur (D:9)
  3 bullfrogs
  2 kobold brigands
  2 scorpions
  2 gnoll sergeants
  A water moccasin skeleton (D:3)
  6 killer bees (D:9)
  A howler monkey (D:6)
  5 centaur zombies
  A jelly (D:7)
  4 orc priests
  A gnoll shaman (D:6)
  Terence (D:2)
  Crazy Yiuf (D:2)
  Jessica (D:3)
  A bullfrog skeleton (D:4)
  2 iguanas
  12 orc wizards
  A hound zombie (D:3)
  A howler monkey zombie (D:6)
  6 mummies (Ossuary)
  11 gnolls
  6 adders
  A shadow imp (D:4)
  An ufetubus (D:4)
  An adder skeleton (D:3)
  2 dart slugs
  3 worms
  30 orcs
  7 ball pythons
  3 endoplasms
  4 giant cockroaches
  4 goblins
  9 hobgoblins
  3 jackals (D:2)
  13 kobolds
  2 quokkas
  10 bats
  6 frilled lizards
  A goblin zombie (D:7)
  4 hobgoblin zombies (Ossuary)
  A jackal zombie (D:3)
  10 rats
  A rat zombie (D:7)
  A spectral kobold (D:6)
238 creatures vanquished.

Vanquished Creatures (others)
  5 fungi (Lair:1)
  4 plants (Lair:1)
  3 withered plants (D:3)
12 creatures vanquished.

Grand Total: 250 creatures vanquished

Notes
Turn   | Place    | Note
-------+----------+-------------------------------------------
     0 | D:1      | Malachi the Minotaur Fighter began the quest for the Orb.
     0 | D:1      | Reached XP level 1. HP: 19/19 MP: 0/0
   138 | D:1      | Reached XP level 2. HP: 18/27 MP: 1/1
   433 | D:1      | Found Xanuucih's Assorted Antiques.
  1058 | D:2      | Noticed Terence
  1065 | D:2      | Killed Terence
  1066 | D:2      | Reached skill level 3 in Polearms
  1066 | D:2      | Reached XP level 3. HP: 11/33 MP: 2/2
  1445 | D:2      | Reached XP level 4. HP: 28/41 MP: 3/3
  1945 | D:2      | Found a runed translucent door.
  1946 | D:2      | Noticed Crazy Yiuf
  2421 | D:2      | Killed Crazy Yiuf
  2626 | D:3      | Noticed Jessica
  2628 | D:3      | Noticed an ice beast
  2641 | D:3      | Reached skill level 4 in Polearms
  2646 | D:3      | Killed an ice beast
  2647 | D:3      | Reached skill level 5 in Armour
  2647 | D:3      | Reached skill level 1 in Dodging
  2647 | D:3      | Reached XP level 5. HP: 29/47 MP: 4/4
  2659 | D:3      | Reached XP level 6. HP: 32/55 MP: 5/5
  2662 | D:3      | Killed Jessica
  2663 | D:3      | Reached skill level 5 in Polearms
  2888 | D:3      | Reached skill level 5 in Fighting
  3155 | D:3      | Noticed Sigmund
  3174 | D:3      | Killed Sigmund
  3175 | D:3      | Reached skill level 6 in Polearms
  3175 | D:3      | Reached XP level 7. HP: 46/61 MP: 6/6
  4575 | D:5      | Entered Level 5 of the Dungeon
  4582 | D:5      | Found a transporter.
  4594 | D:5      | Noticed a kobold demonologist
  4612 | D:5      | Reached skill level 7 in Polearms
  4614 | D:5      | Found a transporter.
  4781 | D:5      | Reached XP level 8. HP: 50/70 MP: 7/7
  5202 | D:5      | Reached skill level 1 in Stealth
  5748 | D:6      | Found a stormy altar of Qazlal.
  5892 | D:6      | Reached skill level 8 in Polearms
  5926 | D:6      | Found a staircase to the Ecumenical Temple.
  6016 | Temple   | Entered the Ecumenical Temple
  6071 | Temple   | Became a worshipper of Warmaster Okawaru
  6246 | D:6      | Found a bloodstained altar of Trog.
  6248 | D:6      | Found a hide-covered altar of Uskayaw.
  6249 | D:6      | Found an ancient bone altar of Kikubaaqudgha.
  6251 | D:6      | Found a glowing silver altar of Zin.
  6252 | D:6      | Found a radiant altar of Vehumet.
  6252 | D:6      | Found a glowing golden altar of the Shining One.
  6252 | D:6      | Found a sparkling altar of Nemelex Xobeh.
  6252 | D:6      | Found a shimmering blue altar of Sif Muna.
  6416 | D:6      | Found a hazy altar of Hepliaklqana.
  6656 | D:6      | Identified a scroll of acquirement
  6657 | D:6      | Acquired a scarf of repulsion
  6826 | D:7      | Found a sand-covered staircase.
  6837 | D:7      | Reached skill level 9 in Polearms
  6852 | Ossuary  | Entered an ossuary
  6882 | Ossuary  | Reached XP level 9. HP: 68/75 MP: 8/8
  6883 | Ossuary  | Reached * piety under Okawaru
  7079 | D:7      | Found Kosodif's Jewellery Shop.
  7608 | D:8      | Reached skill level 10 in Polearms
  7608 | D:8      | Noticed an elephant
  7617 | D:8      | Killed an elephant
  7618 | D:8      | Found a staircase to the Lair.
  7624 | D:8      | Reached ** piety under Okawaru
  7677 | D:8      | Reached skill level 11 in Polearms
  7689 | D:8      | Reached skill level 10 in Armour
  7700 | D:8      | Reached XP level 10. HP: 15/88 MP: 9/9
  8458 | D:8      | Reached skill level 12 in Polearms
  8612 | D:9      | Reached *** piety under Okawaru
  8648 | D:9      | Noticed Erolcha
  8649 | D:9      | Identified the +7 rapier "Jellyslayer" {freeze, rElec}
  8659 | D:9      | Killed Erolcha
  8660 | D:9      | Reached skill level 1 in Invocations
  9036 | D:9      | Reached **** piety under Okawaru
  9754 | D:9      | Noticed a boulder beetle
  9755 | D:9      | Noticed a tengu warrior
  9755 | D:9      | Noticed a five-headed hydra
  9756 | D:9      | Noticed a cyclops
  9778 | D:9      | Killed a tengu warrior
 10117 | Lair:1   | Entered Level 1 of the Lair of Beasts
 10118 | Lair:1   | Noticed a cane toad
 10128 | Lair:1   | Killed a cane toad
 10452 | Lair:1   | Noticed a cane toad
 10464 | Lair:1   | Killed a cane toad
 10528 | Lair:1   | Noticed a cane toad
 10535 | Lair:1   | Killed a cane toad
 10536 | Lair:1   | Reached skill level 13 in Polearms
 10550 | Lair:1   | Noticed an eight-headed hydra
 10567 | Lair:1   | HP: 3/91 [eight-headed hydra (6)]
 10568 | Lair:1   | Killed an eight-headed hydra
 10569 | Lair:1   | Reached XP level 11. HP: 3/97 MP: 10/13
 11056 | Lair:1   | Reached ***** piety under Okawaru
 11769 | Lair:1   | Reached skill level 5 in Invocations
 12233 | Lair:1   | Mangled by a dream sheep

Illustrated notes

Levels and vault maps discovered:
D:1:      matt_arrival_grand_opening, layout_loops_ring, serial_shops, shop
D:2:      layout_basic, hangedman_abyss_or_decor_stabs,
          chequers_serial_rivers_large_b, serial_bayou_pond_c,
          uniq_crazy_yiuf_cottage, uniq_terence
D:3:      layout_loops_cross, serial_undead, serial_undead_d, serial_undead_f,
          serial_undead_c, serial_undead_e, serial_undead_c, serial_undead_b,
          st_stairs_1, uniq_jessica, uniq_sigmund
D:4:      layout_loops_corners
D:5:      gammafunk_wand_slinger, layout_basic, minmay_splitting_lines,
          kennysheep_generic_room_15
D:6:      layout_basic, nicolae_hepliaklqana_monster_ancestors,
          grunt_temple_overflow_open, mainiacjoe_overflow_six_doors_small,
          minmay_temple_entry_hall, due_unseen_surprise
D:7:      layout_loops_ring, serial_shops, nicolae_shop_stone, enter_ossuary_3
D:8:      layout_loops_ring, david_lair_generic
D:9:      minmay_blocky_corners, layout_basic,
          nicolae_ru_great_annihilating_truth, minmay_misc_feat_enclosed,
          uniq_erolcha
Temple:   jpeg_temple_alley_garden
Lair:1:   layout_chaotic_city, lemuel_fruit_tree

Skill      XL: |  1  2  3  4  5  6  7  8  9 10 11 |
---------------+----------------------------------+-----
Armour         | 4 5 6 7 9 10 11 | 11.8
Fighting       | 4 5 6 7 9 |  9.7
Polearms       | 3 4 6 7 9 11 13 | 13.3
Shields        | 4 |  4.0
Dodging        | 1 2 3 4 |  4.4
Stealth        | 1 |  1.5
Invocations    | 4 5 |  5.5
Evocations     | |  0.2

Action                   |  1- 3 |  4- 6 |  7- 9 | 10-12 || total
-------------------------+-------+-------+-------+-------++-------
Melee: Trident           |    92 |   140 |   372 |   262 ||   866
       Headbutt          |    13 |    23 |    60 |    45 ||   141
Invok: Heroism           |       |       |       |     5 ||     5
Evoke: Wand              |       |       |       |     2 ||     2
  Use: Potion            |       |     1 |       |       ||     1
       Scroll            |       |       |     7 |     2 ||     9
Armor: Scale mail        |    32 |    10 |       |       ||    42
       Chain mail        |       |    69 |   114 |    88 ||   271
Dodge: Dodged            |    29 |    48 |    98 |    73 ||   248
       Repelled          |       |       |     1 |       ||     1
Block: Buckler           |    13 |    26 |    53 |    36 ||   128

Table legend: (Time is in decaauts)
 A = Elapsed time spent in this place.
 B = Non-inter-level travel time spent in this place.
 C = Inter-level travel time spent in this place.
 D = Time resting spent in this place.
 E = Time spent auto-exploring this place.
 F = Levels seen in this place.
 G = Mean time per level.
                   A        B        C        D        E       F      G
               +--------+--------+--------+--------+--------+-----+--------+
         Total |  12200 |  11894 |    306 |   2663 |   7382 |  12 | 1016.7 |
       Dungeon |   9844 |   9573 |    271 |   1759 |   6324 |   9 | 1093.8 |
        Temple |    202 |    168 |     34 |      0 |    112 |   1 |  202.0 |
          Lair |   2065 |   2065 |      0 |    904 |    946 |   1 | 2065.0 |
       Ossuary |     87 |     87 |      0 |      0 |      0 |   1 |   87.0 |
               +--------+--------+--------+--------+--------+-----+--------+

Top non-repeatable levels by time:
  Lair:1: 2065 daAuts
     D:2: 1738 daAuts
     D:8: 1345 daAuts
     D:9: 1196 daAuts
     D:3: 1139 daAuts
     D:5: 1113 daAuts
     D:1: 968 daAuts
     D:4: 826 daAuts
     D:6: 777 daAuts
     D:7: 738 daAuts
  Temple: 202 daAuts
 Ossuary: 87 daAuts
